 Dungeon Crawl Stone Soup version 0.23.0-3-gf3c87f2 (webtiles) character file.

Game seed: 13576001072326933701

65 Kairos the Ruffian (level 4, 0/40 HPs)
             Began as a Ghoul Monk on Feb 22, 2019.
             Slain by Sigmund
             ... wielding a +0 scythe
              (4 damage)
             ... on level 2 of the Dungeon.
             The game lasted 00:01:42 (1388 turns).

Kairos the Ruffian (Ghoul Monk)                     Turns: 1388, Time: 00:01:42

Health: 0/40       AC:  6    Str: 15    XL:     4   Next: 14%
Magic:  3/3        EV: 11    Int:  5    God:
Gold:   70         SH:  0    Dex: 11    Spells: 3/3 levels left

rFire    . . .     SeeInvis .     - Unarmed
rCold    + . .     Gourm    .   (no shield)
rNeg     + + +     Faith    .   i - +0 ring mail
rPois    ∞         Spirit   .   (no helmet)
rElec    .         Reflect  .   (no cloak)
rCorr    .         Harm     .   (no gloves)
MR       .....                  k - +0 pair of boots
Stlth    ..........             (no amulet)
HPRegen  0.00/turn              (no ring)
MPRegen  0.08/turn              (no ring)

@: confused, rotting
A: rotting body, claws 1, carnivore, cold resistance 1, negative energy
resistance 3, inhibited regeneration, torment resistance, unbreathing
a: no special abilities


You were on level 2 of the Dungeon.
You were not hungry.

You visited 1 branch of the dungeon, and saw 2 of its levels.

You collected 70 gold pieces.

Inventory:

Missiles
 o - 4 tomahawks (quivered)
Armour
 a - a +0 robe
 i - a +0 ring mail (worn)
 k - a +0 pair of boots (worn)
Jewellery
 m - an uncursed amulet of harm {unknown}
Scrolls
 c - a scroll of blinking {unknown}
 d - 2 scrolls of remove curse {unknown}
 e - 2 scrolls of teleportation {unknown}
 f - 4 scrolls of identify {unknown}
 g - a scroll of magic mapping {unknown}
 j - a scroll of enchant armour {unknown}
 l - a scroll of amnesia {unknown}
Potions
 h - 2 potions of berserk rage {unknown}
 n - 2 potions of heal wounds {unknown}
 q - a potion of haste {unknown}
Comestibles
 b - 5 rations
 p - 4 chunks of flesh


   Skills:
 + Level 3.7 Fighting
 + Level 0.5 Armour
 + Level 3.3 Dodging
 + Level 2.4 Stealth
 + Level 4.2 Unarmed Combat


You had 3 spell levels left.
You didn't know any spells.
Your spell library was empty.

Dungeon Overview and Level Annotations

Branches:
Dungeon (2/15)

Altars:
Uskayaw

Annotations:
D:2 Sigmund


Innate Abilities, Weirdness & Mutations

Your body is rotting away.
You thrive on raw meat.
You are immune to poison.
You have sharp fingernails.
You are carnivorous and can eat meat at any time.
Your flesh is cold resistant. (rC+)
You are immune to negative energy. (rN+++)
You do not regenerate when monsters are visible.
You are immune to unholy pain and torment.
You can survive without breathing.


Message History

Sigmund barely misses you.
Sigmund hits you from afar with a +0 scythe.
Sigmund barely misses you.
You're too confused to move!
Sigmund points at you and mumbles some strange words.
The magic dart hits you but does no damage.
Sigmund mumbles some strange words.
Sigmund flickers and vanishes!
Deactivating autopickup; reactivate with Ctrl-A.
You hear some strange, mumbled words.
Something tries to affect you, but you resist.
You scratch something.
You hear some strange, mumbled words.
You are more confused.
You miss something. Something hits you but does no damage. Something hits you!
You miss something. Your claw misses something. Something hits you!
* * * LOW HITPOINT WARNING * * *
Something hits you.
You die...

...............#
...#...#######.#
...#...# #.#
...#...# ####.#####
###### ...##+##
#........# #.....
...##.#####........#
#.....
#.....)........#
#.....
#######........#
#..... #.....@..#
#..... #....{...#
#..... #........#
#..... #........#
#..... #........#
###### #........#
#........#
##########


There were no monsters in sight!

Vanquished Creatures
  An ooze (D:2)
  3 worms (D:2)
  2 dart slugs
  A leopard gecko (D:2)
  A ball python (D:2)
  4 bats
  A giant cockroach (D:1)
  6 goblins
  6 hobgoblins
  4 jackals (D:2)
  2 quokkas (D:2)
  4 frilled lizards
  3 kobolds
  8 rats
46 creatures vanquished.

Notes
Turn   | Place    | Note
-------+----------+-------------------------------------------
     0 | D:1      | Kairos the Ghoul Monk began the quest for the Orb.
     0 | D:1      | Reached XP level 1. HP: 19/19 MP: 0/0
   109 | D:1      | Reached XP level 2. HP: 16/26 MP: 1/1
   638 | D:2      | Reached XP level 3. HP: 31/32 MP: 2/2
   888 | D:2      | Reached skill level 4 in Unarmed Combat
  1237 | D:2      | Reached XP level 4. HP: 34/37 MP: 3/3
  1271 | D:2      | Found a hide-covered altar of Uskayaw.
  1348 | D:2      | Noticed Sigmund
  1388 | D:2      | Slain by Sigmund

Skill      XL: |  1  2  3 |
---------------+----------+-----
Dodging        | 3 |  3.3
Unarmed Combat | 4 |  4.2
Fighting       | |  3.7
Armour         | |  0.5
Stealth        | |  2.4

Action                   |  1- 3 |  4- 6 || total
-------------------------+-------+-------++-------
Melee: Unarmed           |   127 |    45 ||   172
       Punch             |     2 |       ||     2
 Stab: Sleeping          |     3 |       ||     3
  Eat: Chunk             |     1 |     3 ||     4
Armor: Robe              |    19 |       ||    19
       Ring mail         |    12 |     9 ||    21
Dodge: Dodged            |    97 |    17 ||   114
